 Dungeon Crawl Stone Soup version 0.16.1-28-gcc2312f (webtiles) character file.

138 sqallbeste the Skirmisher (level 5, -3/47 HPs)
             Began as a Hill Orc Fighter on May 31, 2015.
             Slain by sqallbeste's ghost (6 damage)
             ... on level 3 of the Dungeon.
             The game lasted 00:06:32 (1978 turns).

sqallbeste the Skirmisher (Hill Orc Fighter)        Turns: 1978, Time: 00:06:33

Health: -3/47      AC: 11    Str: 20      XL:     5   Next: 21%
Magic:  14/14      EV:  5    Int:  7 (8)  God:
Gold:   132        SH:  9    Dex: 10      Spells: 0 memorised, 4 levels left

rFire  . . .     SeeInvis .     a - +0 war axe
rCold  . . .     Clarity  .     h - +0 chain mail
rNeg   . . .     SustAb   .     c - +0 shield
rPois  .         Gourm    .     l - +0 helmet (curse)
rElec  .         Spirit   .     (no cloak)
rCorr  .         Warding  .     i - +0 pair of gloves
rMut   .         Stasis   .     (no boots)
MR     .....                    (no amulet)
Stlth  ..........               (no ring)
                                f - ring of magical power

@: drained, not resistant to hostile enchantments, extremely unstealthy
A: no striking features
a: no special abilities


You were on level 3 of the Dungeon.
You were not hungry.

You visited 1 branch of the dungeon, and saw 3 of its levels.

You collected 132 gold pieces.

Inventory:

Hand weapons
 a - a +0 war axe (weapon)
Armour
 b - a +0 scale mail
 c - a +0 shield (worn)
 g - a +0 scale mail
 h - a +0 chain mail (worn)
 i - a +0 pair of gloves (worn)
 l - a cursed +0 helmet (worn)
Jewellery
 f - a ring of magical power (left hand)
Magical devices
 e - a wand of random effects (33)
Comestibles
 d - a meat ration
 j - 3 bread rations
 k - a beef jerky


   Skills:
 + Level 4.4(4.2) Fighting
 * Level 4.1(3.9) Axes
 + Level 4.1(3.9) Armour
 - Level 0.7(0.5) Dodging
 + Level 4.2(4.0) Shields


You had 4 spell levels left.
You didn't know any spells.

Dungeon Overview and Level Annotations

Branches:
Dungeon (3/15)

Altars:

Annotations:
D:3 sqallbeste's ghost, average HOFi


Message History

Sqallbeste's ghost is severely damaged.
Sqallbeste's ghost hits you but does no damage.
You hit sqallbeste's ghost.
Sqallbeste's ghost is severely damaged.
Sqallbeste's ghost hits you!
* * * LOW HITPOINT WARNING * * *
Sqallbeste's ghost hits you.
* * * LOW HITPOINT WARNING * * *
You hit sqallbeste's ghost.
Sqallbeste's ghost is severely damaged.
You block sqallbeste's ghost's attack.
You hit sqallbeste's ghost.
Sqallbeste's ghost is severely damaged.
Sqallbeste's ghost hits you.
* * * LOW HITPOINT WARNING * * *
Your chain mail prevents you from hitting sqallbeste's ghost.
Sqallbeste's ghost is severely damaged.
Sqallbeste's ghost hits you but does no damage.
Sqallbeste's ghost hits you.
You die...

..........# ..........#
..........# ***** .####.#.###
*,,,* .* ##.#.# *,,,* .###....#
#########* *,,,* ........#
######..$.....* *,,,*
........###....#........#**,,,***
.......>..'.†..'@W.......,',,,,,,
........###.[..#..).....#**,,,***
........# #....#........* *****
........# #....#########*
........# #....# ........# #....#
........# #....# ........# #....#
######### #....#


You could see sqallbeste's ghost.

Vanquished Creatures
  Ijyb (D:2)
  Robin (D:2)
  3 adders
  3 worms
  A giant gecko (D:2)
  An ooze (D:2)
  2 ball pythons
  8 bats
  2 giant cockroaches
  16 goblins
  9 hobgoblins
  2 jackals (D:1)
  4 kobolds
  A giant newt (D:1)
  A quokka (D:2)
  9 rats
64 creatures vanquished.

Notes
Turn   | Place    | Note
--------------------------------------------------------------
     0 | D:1      | sqallbeste, the Hill Orc Fighter, began the quest for the Orb.
     0 | D:1      | Reached XP level 1. HP: 19/19 MP: 1/1
   133 | D:1      | Reached XP level 2. HP: 26/26 MP: 2/2
   302 | D:1      | Reached XP level 3. HP: 28/33 MP: 3/3
   686 | D:2      | Noticed Ijyb
   711 | D:2      | Killed Ijyb
   711 | D:2      | Reached skill level 4 in Fighting
   711 | D:2      | Reached XP level 4. HP: 25/40 MP: 4/4
   801 | D:2      | Noticed Robin
   832 | D:2      | Killed Robin
  1544 | D:2      | Reached XP level 5. HP: 46/46 MP: 5/5
  1964 | D:3      | Noticed sqallbeste's ghost (average HOFi)
  1978 | D:3      | Slain by sqallbeste's ghost

Action                   |  1- 3 |  4- 6 || total
-------------------------+-------+-------++-------
Melee: War axe           |   114 |   156 ||   270
  Use: Scroll            |     2 |     1 ||     3
       Potion            |     2 |     4 ||     6
 Stab: Invisible         |     2 |       ||     2
  Eat: Meat ration       |       |     1 ||     1
